 Dungeon Crawl Stone Soup version 0.27-a0-1281-ge233d83751 (webtiles) character file.

Game seed: 10591643343911857221

46 bilbop the Bolt Thrower (level 3, -1/23 HPs)
             Began as a Kobold Hunter on June 13, 2021.
             Slain by a worm (3 damage)
             ... on level 2 of the Dungeon.
             The game lasted 00:04:59 (815 turns).

bilbop the Bolt Thrower (Kobold Hunter)              Turns: 815, Time: 00:05:00

Health: -1/23      AC:  5    Str:  9    XL:     3   Next: 95%
Magic:  3/3        EV: 13    Int: 12    God:
Gold:   25         SH:  0    Dex: 16    Spells: 2/2 levels left

rFire    . . .     SeeInvis .   b - +0 dagger
rCold    . . .     Faith    .   (shield restricted)
rNeg     . . .     Spirit   .   f - +0 ring mail
rPois    .         Reflect  .   (no helmet)
rElec    .         Harm     .   (no cloak)
rCorr    .         Rampage  .   (no gloves)
Will     .....                  (no boots)
Stlth    ++........             (no amulet)
HPRegen  0.07/turn              (no ring)
MPRegen  0.08/turn              (no ring)

@: no status effects
A: small, no large weapons, nightstalker 3
a: no special abilities


You were on level 2 of the Dungeon.
You visited 1 branch of the dungeon, and saw 2 of its levels.

You collected 25 gold pieces.

Inventory:

Hand Weapons
 a - a +1 hand crossbow
 b - a +0 dagger (weapon)
 e - a +0 short sword
Missiles
 d - 11 bolts
Armour
 c - a +0 leather armour
 f - a +0 ring mail (worn)
Scrolls
 h - a scroll of torment {unknown}
Potions
 g - a potion of curing {unknown}
 i - a potion of flight {unknown}


   Skills:
 * Level 3.0 Fighting
 + Level 1.3 Short Blades
 + Level 5.1 Crossbows
 + Level 3.0 Dodging
 + Level 2.2 Stealth


You had 2 spell levels left.
You didn't know any spells.
Your spell library was empty.

Dungeon Overview and Level Annotations

Branches:
Dungeon (2/15)

Altars:
Beogh


Innate Abilities, Weirdness & Mutations

You are small and have problems with some larger weapons.
You are completely attuned to the shadows.


Message History

You hit the worm.
The worm is heavily wounded.
You hit the worm but do no damage.
The worm is heavily wounded.
The worm bites you!
You hit the worm.
The worm is heavily wounded.
You hit the worm.
The worm is heavily wounded.
The worm bites you but does no damage.
You hit the worm.
The worm is severely wounded.
You hit the worm but do no damage.
The worm is severely wounded.
The worm barely misses you.
You hit the worm.
The worm is severely wounded.
You hit the worm but do no damage.
The worm is severely wounded.
The worm bites you.
You hit the worm.
The worm is severely wounded.
The worm bites you.
* * * LOW HITPOINT WARNING * * *
You hit the worm but do no damage.
The worm is severely wounded.
You hit the worm but do no damage.
The worm is severely wounded.
The worm bites you but does no damage.
You hit the worm.
The worm is severely wounded.
You hit the worm.
The worm is severely wounded.
The worm barely misses you.
You barely miss the worm.
The worm is severely wounded.
You hit the worm.
The worm is severely wounded.
The worm bites you.
You die...

.# ##.##
.# ##.#
#.# ##.##
#.###...#
#..#.##.#
#.#.## .#
#...)##.#
#.#...#.#
#@w.....
###(.....
#.........
#.....(..
#........
####..(..


You could see a worm.

Vanquished Creatures
  5 dart slugs
  4 endoplasms (D:1)
  3 giant cockroaches (D:1)
  3 hobgoblins (D:1)
  5 ball pythons
  2 bats (D:1)
  5 frilled lizards
  6 kobolds
  4 rats (D:1)
37 creatures vanquished.

Notes
Turn   | Place    | Note
-------+----------+-------------------------------------------
     0 | D:1      | bilbop the Kobold Hunter began the quest for the Orb.
     0 | D:1      | Reached XP level 1. HP: 12/12 MP: 1/1
   142 | D:1      | Reached XP level 2. HP: 18/18 MP: 2/2
   198 | D:1      | Reached skill level 5 in Crossbows
   278 | D:1      | Reached skill level 1 in Short Blades
   281 | D:1      | Reached XP level 3. HP: 22/22 MP: 3/3
   315 | D:1      | Found a faded altar of an unknown god.
   809 | D:2      | HP: 1/23 [worm (6)]
   815 | D:2      | Slain by a worm

Illustrated notes

Levels and vault maps discovered:
D:1:      mrwooster_arrival_statue, layout_rooms,
          hellmonk_ecumenical_altar_defaced_shrine
D:2:      layout_loops_cross

Skill      XL: |  1  2  3 |
---------------+----------+-----
Crossbows      | 5 |  5.1
Short Blades   | 1 |  1.3
Stealth        | 2 |  2.2
Fighting       | 3 |  3.0
Dodging        | 3 |  3.0

Action                   || total
-------------------------++-------
Melee: Dagger            ||    46
 Fire: Hand crossbow     ||    60
Armor: Leather armour    ||     2
       Ring mail         ||     9
Dodge: Dodged            ||    35

Table legend: (Time is in decaauts)
 A = Elapsed time spent in this place.
 B = Non-inter-level travel time spent in this place.
 C = Inter-level travel time spent in this place.
 D = Time resting spent in this place.
 E = Time spent auto-exploring this place.
 F = Levels seen in this place.
 G = Mean time per level.
                   A        B        C        D        E       F      G
               +--------+--------+--------+--------+--------+-----+--------+
         Total |    822 |    794 |     28 |      0 |    578 |   2 |  411.0 |
       Dungeon |    822 |    794 |     28 |      0 |    578 |   2 |  411.0 |
               +--------+--------+--------+--------+--------+-----+--------+

Top non-repeatable levels by time:
     D:1: 630 daAuts
     D:2: 192 daAuts
